AoeStats
← DJstapie

Golden Pit

509943027Analyzed
1v1 RM · 4d ago on Sep 28, 2026· 29m 51s· 2 players
Game mode
Random Map
Map size
Tiny (2 player)
Population
200
Speed
Normal
Resources
Standard
Victory
Conquest
Starting age
Dark Age
Ending age
Imperial Age
RankedLock teamsTeams togetherTeam positionsShared explorationLock speedFull tech treeHidden civsTurbo modeCheats
Victory
Defeat
🇨🇦 Slavs · Canada
481
+16
🇬🇧 Spanish · United Kingdom
476
-16
DJstapie
4:23 Loom
11:58 Feudal Age
12:34 Horse Collar
12:45 Double-Bit Axe
22:32 Castle Age
22:24 Wheelbarrow
23:31 Stone Mining
23:45 Heavy Plow
25:58 Husbandry
27:41 Bow Saw
27:33 Gold Mining
27:57 Forging
29:08 Pikeman
Elguayos
12:33 Feudal Age
10:48 Loom
13:00 Double-Bit Axe
13:01 Horse Collar
13:14 Gold Mining
13:15 Stone Mining
13:39 Man-at-Arms
15:40 Wheelbarrow
16:35 Scale Mail Armor
21:14 Castle Age
20:10 Forging
20:06 Scale Barding Armor
23:24 Hand Cart
23:24 Bow Saw
23:18 Heavy Plow
23:59 Gold Shaft Mining
24:14 Light Cavalry
25:06 Bloodlines
24:56 Long Swordsman
29:17 Iron Casting
Connection lost

Rejoining the realm…

Still unreachable

The connection could not be restored.

Session expired

The server has moved on; the page needs a fresh start.